 Dungeon Crawl Stone Soup version 0.28.0-45-g0d030f2227 (webtiles) character file.

Game seed: 6979707715389675276

237 dianekeaton the Cleaver (level 6, -9/51 HPs)
             Began as a Hill Orc Fighter on Apr 5, 2022.
             Killed from afar by a steam dragon (16 damage)
             ... with a ball of steam
             ... on level 4 of the Dungeon.
             The game lasted 00:10:40 (2916 turns).

dianekeaton the Cleaver (Hill Orc Fighter)          Turns: 2916, Time: 00:10:41

Health: -9/51      AC: 13    Str: 21    XL:     6   Next: 6%
Magic:  0/6        EV:  5    Int:  8    God:
Gold:   151        SH:  4    Dex: 10    Spells: 5/5 levels left

rFire   . . .      SeeInvis .   a - +0 war axe (drain)
rCold   . . .      Faith    .   c - +0 buckler
rNeg    . . .      Spirit   +   s - +0 plate armour
rPois   .          Reflect  .   (no helmet)
rElec   .          Harm     .   (no cloak)
rCorr   .          Rampage  +   (no gloves)
Will    .....                   k - +1 pair of boots {rampage}
Stlth   ..........              h - amulet of guardian spirit
HPRegen 0.17/turn               (no ring)
MPRegen 0.10/turn               (no ring)

@: no status effects
A: no striking features
a: no special abilities


You were on level 4 of the Dungeon.
You visited 1 branch of the dungeon, and saw 4 of its levels.

You collected 151 gold pieces.

Inventory:

Hand Weapons
 a - a +0 war axe of draining (weapon)
Armour
 c - a +0 buckler (worn)
 k - a +1 pair of boots of rampaging (worn)
 s - a +0 plate armour (worn)
Jewellery
 h - an amulet of guardian spirit (around neck)
 o - a ring of willpower
Scrolls
 b - a scroll of immolation {unknown}
 f - a scroll of teleportation
 i - 2 scrolls of brand weapon
 p - a scroll of holy word {unknown}
 r - a scroll of identify {unknown}
Potions
 d - a potion of might
 e - 2 potions of brilliance {unknown}
 g - 2 potions of heal wounds {unknown}
 j - a potion of flight {unknown}
 m - a potion of berserk rage {unknown}
 n - a potion of mutation {unknown}
 q - a potion of attraction {unknown}


   Skills:
 - Level 3.6 Fighting
 + Level 8.1 Axes
 - Level 3.2 Armour
 - Level 0.1 Dodging
 - Level 3.2 Shields


You had 5 spell levels left.
You didn't know any spells.
Your spell library contained the following spells:

 Spells                   Type           Power      Damage    Failure   Level
 Magic Dart               Conj           0%         1d3       100%        1
 Sandblast                Erth           0%         2d4       100%        1
 Summon Small Mammal      Summ           0%         N/A       100%        1
 Blink                    Tloc           0%         N/A       100%        2
 Passwall                 Tmut/Erth      0%         N/A       100%        2
 Searing Ray              Conj           0%         2d4       100%        2
 Call Canine Familiar     Summ           0%         N/A       100%        3
 Lesser Beckoning         Tloc           0%         N/A       100%        3
 Stone Arrow              Conj/Erth      0%         3d7       100%        3
 Summon Guardian Golem    Hex/Summ       0%         N/A       100%        3
 Fulminant Prism          Conj/Hex       0%         3d6       100%        4
 Manifold Assault         Tloc           0%         N/A       100%        5


Dungeon Overview and Level Annotations

Branches:
Dungeon (4/15)
 Temple: D:4-7

Altars:

Shops:
D:1 (   D:4 (

Annotations:
D:4 2 runed translucent doors


Message History

You closely miss the steam dragon.
The steam dragon bites you but does no damage.
The steam dragon barely misses you.
The steam dragon bites you but does no damage.
The steam dragon claws you.
You hit the steam dragon but do no damage.
You drain the steam dragon.
The steam dragon is lightly wounded.
The steam dragon bites you but does no damage.
The steam dragon claws you. The steam dragon barely misses you.
You block the steam dragon's attack.
You hit the steam dragon but do no damage.
You drain the steam dragon.
The steam dragon is moderately wounded.
You block the steam dragon's attack. x2
The steam dragon breathes steam at you. The ball of steam hits you.
You are engulfed in a cloud of scalding steam.
You barely miss the steam dragon.
The steam dragon is lightly wounded.
The steam dragon closely misses you.
The steam dragon claws you but does no damage.
The steam dragon bites you but does no damage.
The steam dragon claws you but does no damage.
The steam dragon breathes steam at you. The ball of steam hits you!
There is a stone staircase leading down here.
You are engulfed in a cloud of scalding steam.
You are too injured to fight recklessly!
The steam dragon breathes steam at you. The ball of steam hits you!
* * * LOW HITPOINT WARNING * * *
You are engulfed in a cloud of scalding steam.
The steam dragon breathes steam at you. The ball of steam hits you.
* * * LOW HITPOINT WARNING * * *
You are engulfed in a cloud of scalding steam.
The steam dragon breathes steam at you. The ball of steam hits you!
You die...

.##.####.# ###.#### #.#
.....[##.# #...# #####.#
##.......# #...# #.....#
.........## #...# #.#####
##.#......# #)..###### #.##..
#.#...#..#####........# #.##.#
#)#.#.#...........###.####.##.##
#.........§.....>.# #...##.##.#.
#....>...§DD§§§@<.###.#.##.##.#.
###.......##......)...#.##.##.#.
#....###..##.#....#####...S.o)..
#.#..+∩'..##.#....# ####.#####
#.#..###..##.#....# #)# ###
#.#[.....###......## #<.. ..
##.#......# ####....## #.### #.
...#############.....# #.#####.
##########....>......#####.##....


There were no monsters in sight!

Vanquished Creatures
  A black bear (D:4)
  A hound (D:4)
  A gnoll (D:1)
  4 adders
  4 orcs
  5 endoplasms
  4 giant cockroaches
  7 hobgoblins
  2 jackals (D:2)
  A quokka (D:1)
  8 ball pythons
  11 bats
  2 frilled lizards
  8 goblins
  5 kobolds
  5 rats
69 creatures vanquished.

Notes
Turn   | Place    | Note
-------+----------+-------------------------------------------
     0 | D:1      | dianekeaton the Hill Orc Fighter began the quest for the
                  | Orb.
     0 | D:1      | Reached XP level 1. HP: 19/19 MP: 1/1
    69 | D:1      | Reached skill level 3 in Axes
   195 | D:1      | Found Icruall's Weapon Shoppe.
   212 | D:1      | Reached XP level 2. HP: 26/26 MP: 2/2
   259 | D:1      | Reached skill level 4 in Axes
   407 | D:1      | Reached XP level 3. HP: 31/31 MP: 3/3
   513 | D:1      | Found a faded altar of an unknown god.
   912 | D:2      | Reached skill level 5 in Axes
  1152 | D:2      | Reached XP level 4. HP: 39/39 MP: 4/4
  1524 | D:3      | Reached skill level 6 in Axes
  2427 | D:4      | Found a large runed translucent door.
  2427 | D:4      | Found a large runed translucent door.
  2469 | D:4      | Noticed a black bear
  2478 | D:4      | Killed a black bear
  2479 | D:4      | Reached skill level 7 in Axes
  2479 | D:4      | Reached XP level 5. HP: 42/45 MP: 5/5
  2547 | D:4      | Reached XP level 6. HP: 51/51 MP: 6/6
  2659 | D:4      | Reached skill level 8 in Axes
  2859 | D:4      | Found Simy's Weapon Emporium.
  2884 | D:4      | Noticed a steam dragon
  2916 | D:4      | Killed from afar by a steam dragon

Illustrated notes

Levels and vault maps discovered:
D:1:      erik_arrival_orb_chamber, layout_basic,
          chequers_ecumenical_altar_island, serial_shops,
          nicolae_shop_hallway_stairs
D:2:      layout_loops_ring, minmay_ruptured
D:3:      layout_basic, minmay_misc_feat_ornament, minmay_misc_feat_x,
          minmay_misc_feat_chi, st_stairs_13
D:4:      layout_loops_cross, ebering_ghost_disaster_area, serial_shops,
          kennysheep_mini_moat, minmay_statues_item

Skill      XL: |  1  2  3  4  5  6 |
---------------+-------------------+-----
Axes           | 3 4 5 7 8 |  8.1
Fighting       | |  3.6
Armour         | |  3.2
Dodging        | |  0.1
Shields        | |  3.2

Action                   |  1- 3 |  4- 6 || total
-------------------------+-------+-------++-------
Melee: War axe           |   114 |    74 ||   188
  Use: Scroll            |       |     6 ||     6
 Stab: Fleeing           |       |     1 ||     1
Armor: Scale mail        |    93 |    32 ||   125
       Plate armour      |       |     8 ||     8
       Chain mail        |       |     6 ||     6
Dodge: Dodged            |    93 |    36 ||   129
Block: Buckler           |    40 |    25 ||    65
